 Dungeon Crawl Stone Soup version 0.28.0-47-ge53b351184 (webtiles) character file.

Game seed: 2124197447002972737

833 pkoi the Gusty (level 7, 0/52 HPs)
             Began as a Demigod Air Elementalist on May 11, 2022.
             Slain by a wyvern zombie (4 damage)
             ... on level 5 of the Dungeon.
             The game lasted 00:08:22 (8046 turns).

pkoi the Gusty (Demigod Air Elementalist)           Turns: 8046, Time: 00:08:23

Health: 0/52       AC:  5    Str:  9    XL:     7   Next: 38%
Magic:  4/13       EV: 12    Int: 25    God:
Gold:   138        SH:  0    Dex: 16    Spells: 4/10 levels left

rFire   . . .      SeeInvis .   b - +1 rapier (protect)
rCold   + . .      Faith    .   (no shield)
rNeg    . . .      Spirit   .   a - +0 robe
rPois   +          Reflect  .   u - +0 helmet of Skepticism {rPois rC+ Will+ rCorr Dex+2}
rElec   .          Harm     .   (no cloak)
rCorr   +          Rampage  .   j - +1 pair of gloves
Will    +....                   (no boots)
Stlth   ++........              (no amulet)
HPRegen 0.17/turn               (no ring)
MPRegen 0.13/turn               (no ring)

@: very slightly contaminated
A: high MP 1, forlorn, divine attributes
a: no special abilities


You were on level 5 of the Dungeon.
You visited 1 branch of the dungeon, and saw 5 of its levels.

You collected 138 gold pieces.

Inventory:

Hand Weapons
 b - a +1 rapier of protection (weapon)
Missiles
 q - a throwing net
Armour
 a - a +0 robe (worn)
 j - a +1 pair of gloves (worn)
 u - the +0 helmet of Skepticism (worn) {rPois rC+ Will+ rCorr Dex+2}
   (You found it on level 5 of the Dungeon)

   Dex:       It affects your dexterity (+2).
   rC:        It protects you from cold.
   rPois:     It protects you from poison.
   rCorr:     It protects you from acid and corrosion.
   Will:      It increases your willpower.
Wands
 r - a wand of mindburst (21)
Scrolls
 g - a scroll of teleportation
 k - 2 scrolls of enchant armour
Potions
 c - 2 potions of curing {unknown}
 e - 2 potions of magic {unknown}
 f - 3 potions of lignification {unknown}
 l - a potion of might
 m - 2 potions of ambrosia {unknown}
 o - 2 potions of heal wounds {unknown}
 s - a potion of brilliance
 t - a potion of mutation {unknown}


   Skills:
 + Level 1.4 Fighting
 + Level 1.5 Armour
 + Level 2.5 Dodging
 - Level 1.7 Stealth
 * Level 3.8 Unarmed Combat
 + Level 2.3 Spellcasting
 + Level 2.8 Conjurations
 - Level 5.0 Air Magic
 + Level 2.1 Evocations


You had 4 spell levels left.
You knew the following spells:

 Your Spells              Type           Power      Damage    Failure   Level
a - Shock                 Conj/Air       88%        1d8       2%          1
b - Static Discharge      Conj/Air       22%        N/A       3%          2
c - Swiftness             Air            27%        N/A       4%          3

Your spell library contained the following spells:

 Spells                   Type           Power      Damage    Failure   Level
 Airstrike                Air            13%        N/A       14%         4
 Dazzling Flash           Conj/Hex       20%        N/A       19%         3
 Silence                  Hex/Air        7%         N/A       71%         5
 Agony                    Necr           2%         N/A       96%         5
 Summon Forest            Summ/Tloc      1%         N/A       96%         5
 Summon Mana Viper        Hex/Summ       2%         N/A       96%         5
 Summon Cactus Giant      Summ           1%         N/A       100%        6


Dungeon Overview and Level Annotations

Branches:
Dungeon (5/15)             Temple (0/1) D:4

Shops:
D:4 ((   D:5 [[

Annotations:
D:3 1 runed translucent door, Typ3r5's ghost, amateur HOFi
D:4 3 runed translucent doors, KittyFluff's ghost, amateur GrBe


Innate Abilities, Weirdness & Mutations

You have an increased reservoir of magic. (+10% MP)
You shall have no god before yourself.
Your divine heritage dramatically boosts your attributes as you level up.


Message History

Press: ? - help, Q - select action, (/) - cycle Shift-Dir - straight line, p - wyvern zombie The zap hits the wyvern zombie.
The wyvern zombie is moderately damaged.
The zap hits the wyvern zombie!
The wyvern zombie is heavily damaged.
The wyvern zombie bites you.
* * * LOW HITPOINT WARNING * * *
Unknown command.
Aiming: Shock (safe; 2% risk of failure)
Press: ? - help, Q - select action, (/) - cycle Shift-Dir - straight line You miscast Shock.
You are very lightly contaminated with residual magic.
Nothing appears to happen.
The wyvern zombie barely misses you.
Unknown command.
Aiming: Shock (safe; 2% risk of failure)
Press: ? - help, Q - select action, (/) - cycle Shift-Dir - straight line The zap misses the wyvern zombie.
The zap hits the wyvern zombie.
The wyvern zombie is heavily damaged.
The wyvern zombie bites you.
* * * LOW HITPOINT WARNING * * *
Unknown command.
Aiming: Shock (safe; 2% risk of failure)
Press: ? - help, Q - select action, (/) - cycle Shift-Dir - straight line The zap hits the wyvern zombie.
The wyvern zombie is heavily damaged.
The zap hits the wyvern zombie.
The wyvern zombie is severely damaged.
The wyvern zombie bites you!
* * * LOW HITPOINT WARNING * * *
The wyvern zombie completely misses you.
Unknown command.
Aiming: Shock (safe; 2% risk of failure)
Press: ? - help, Q - select action, (/) - cycle Shift-Dir - straight line The zap hits the wyvern zombie.
The wyvern zombie is severely damaged.
The zap hits the wyvern zombie.
The wyvern zombie is severely damaged.
The wyvern zombie bites you.
You die...

#########.......#.........
#......##.......'.........
#......###'#######.......#
#......#.........#########
#......'.........# ####
#......#.........#
.....##......#.........#
.............#.........#
.............#.@....####
.............#Z[....#
.....##......+......#
..... ####+###......# ....
..............# ...
..............# ...
..............#
..............#
..............#


You could see a wyvern zombie.

Vanquished Creatures
  2 water moccasins (D:5)
  An ice beast (D:5)
  A necrophage (D:5)
  An ogre (D:4)
  A water moccasin zombie (D:5)
  A howler monkey (D:4)
  A gnoll shaman (D:5)
  Natasha (twice) (D:3)
  3 gnolls (D:5)
  A howler monkey skeleton (D:5)
  9 adders
  An adder skeleton (D:4)
  A worm (D:3)
  A dart slug (D:2)
  An orc (D:3)
  7 endoplasms
  4 giant cockroaches
  6 goblins
  A hobgoblin (D:3)
  3 jackals (D:2)
  4 kobolds
  5 quokkas
  3 ball pythons (D:1)
  5 bats
  4 frilled lizards
  9 rats
78 creatures vanquished.

Vanquished Creatures (others)
  3 fungi (D:1)
  14 plants
17 creatures vanquished.

Grand Total: 95 creatures vanquished

Notes
Turn   | Place    | Note
-------+----------+-------------------------------------------
     0 | D:1      | pkoi the Demigod Air Elementalist began the quest for the
                  | Orb.
     0 | D:1      | Reached XP level 1. HP: 14/14 MP: 5/5
   332 | D:1      | Reached skill level 3 in Air Magic
   633 | D:1      | Reached XP level 2. HP: 20/20 MP: 4/7
  1361 | D:2      | Reached skill level 1 in Unarmed Combat
  1803 | D:2      | Reached XP level 3. HP: 26/26 MP: 2/8
  2802 | D:2      | Reached skill level 4 in Air Magic
  3085 | D:2      | Reached XP level 4. HP: 32/33 MP: 7/9
  3396 | D:3      | Found a runed translucent door.
  3400 | D:3      | Noticed Typ3r5's ghost (amateur HOFi)
  3589 | D:3      | Noticed Natasha
  3596 | D:3      | Killed Natasha
  3597 | D:3      | Reached skill level 1 in Conjurations
  4768 | D:3      | Noticed Natasha
  4776 | D:3      | Killed Natasha
  4777 | D:3      | Reached XP level 5. HP: 24/38 MP: 2/10
  5347 | D:4      | Found a runed translucent gate.
  5348 | D:4      | Found a runed translucent gate.
  5349 | D:4      | Found a runed translucent gate.
  5351 | D:4      | Found Zumiq's Weapon Boutique.
  5494 | D:4      | Noticed an ogre
  5504 | D:4      | Killed an ogre
  5505 | D:4      | Reached skill level 1 in Evocations
  5707 | D:4      | Found Ywoblun's Weapon Boutique.
  5886 | D:4      | Noticed KittyFluff's ghost (amateur GrBe)
  5964 | D:4      | Reached XP level 6. HP: 45/45 MP: 1/11
  6148 | D:4      | Learned a level 2 spell: Static Discharge
  6152 | D:4      | Learned a level 3 spell: Swiftness
  6154 | D:4      | Found a staircase to the Ecumenical Temple.
  6367 | D:5      | Entered Level 5 of the Dungeon
  6367 | D:5      | Found Buofam's Antique Armour Emporium.
  6539 | D:5      | Identified the +0 helmet of Skepticism {rPois rC+ Will+
                  | rCorr Dex+2}
  7322 | D:5      | Noticed a water moccasin
  7345 | D:5      | Killed a water moccasin
  7527 | D:5      | Reached skill level 1 in Armour
  7527 | D:5      | Reached skill level 5 in Air Magic
  7725 | D:5      | Reached skill level 1 in Fighting
  7725 | D:5      | Reached XP level 7. HP: 40/52 MP: 6/13
  7833 | D:5      | Found Woampaw's Antique Armour Shoppe.
  8046 | D:5      | Slain by a wyvern zombie

Illustrated notes

Levels and vault maps discovered:
D:1:      dpeg_arrival_ternary, layout_basic,
          shapermc_ecumenical_altar_mp_ritualfount, kennysheep_small_spiral,
          chequers_serial_rivers_micro_c
D:2:      layout_basic, serial_bayou_ford_a
D:3:      layout_basic, mainiacjoe_overflow_chevrons,
          mainiacjoe_overflow_concentric_impassable,
          hellmonk_ghost_happy_afterlife, uniq_natasha
D:4:      layout_basic, minmay_temple_entry_butterflies, serial_shops,
          nicolae_shop_competitors_out_of_business, shop,
          ebering_ghost_rock_garden, kennysheep_minor_cross
D:5:      layout_gridville, serial_shops, nicolae_stop_n_shop_1, shop,
          nicolae_grassy_gnolls, uniq_menkaure

Skill      XL: |  1  2  3  4  5  6  7 |
---------------+----------------------+-----
Air Magic      | 3 4 5 |  5.0
Unarmed Combat | 1 2 3 |  3.8
Conjurations   | 1 2 |  2.8
Evocations     | 1 2 |  2.1
Dodging        | 2 |  2.5
Spellcasting   | 2 |  2.3
Armour         | 1 |  1.5
Fighting       | 1 |  1.4
Stealth        | |  1.7

Action                   |  1- 3 |  4- 6 |  7- 9 || total
-------------------------+-------+-------+-------++-------
Melee: Rapier            |    24 |     3 |       ||    27
 Cast: Shock             |    88 |   142 |    26 ||   256
  Use: Scroll            |     1 |     8 |       ||     9
 Stab: Sleeping          |     1 |       |       ||     1
Armor: Robe              |     9 |     6 |       ||    15
Dodge: Dodged            |    26 |    19 |     7 ||    52
